 Dungeon Crawl Stone Soup version 0.17.0-24-gcfadda4 (webtiles) character file.

38 Raultor the Sneak (level 3, 0/33 HPs)
             Began as an Octopode Enchanter on Nov 16, 2015.
             Succumbed to an adder's poison
             ... on level 2 of the Dungeon.
             The game lasted 00:02:55 (1340 turns).

Raultor the Sneak (Octopode Enchanter)              Turns: 1340, Time: 00:02:55

Health: 0/33       AC: 21    Str: 12    XL:     3   Next: 43%
Magic:  6/6        EV:  2    Int: 23    God:
Gold:   51         SH:  0    Dex: 12    Spells: 2 memorised, 3 levels left

rFire  . . .     SeeInvis .     a - +1 dagger
rCold  . . .     Clarity  .     (no shield)
rNeg   + + +     SustAt   .     (helmet currently unavailable)
rPois  +         Gourm    .     (no amulet)
rElec  .         Spirit   .     (no ring)
rCorr  .         Warding  .     (no ring)
rMut   .         NoTele   +     (no ring)
MR     .....                    (no ring)
Stlth  ++++......               (no ring)
                                (no ring)
                                (no ring)
                                (no ring)

@: mighty, brilliant, lethally poisoned (0 -> -2), tree-form (expiring), very
slightly contaminated, invisible, not resistant to hostile enchantments,
stealthy
A: almost no armour, amphibious, 8 rings, (constrict 8), (camouflage 0),
(gelatinous body 0)
a: no special abilities


You were on level 2 of the Dungeon.
You were not hungry.
You were a tree.
You visited 1 branch of the dungeon, and saw 2 of its levels.

You collected 51 gold pieces.

Inventory:

Hand Weapons
 a - a +1 dagger (weapon)
Scrolls
 d - a scroll of noise {unknown}
 e - a scroll of immolation {unknown}
 g - 3 scrolls of identify {unknown}
 j - a scroll of teleportation {unknown}
 m - a scroll of fog {unknown}
 n - a scroll of recharging {unknown}
Potions
 h - 2 potions of might
Books
 b - a book of Maledictions

   Spells                             Type                      Level
   a - Corona                         Hexes                        1
   b - Ensorcelled Hibernation        Hexes/Ice                    2
   c - Confuse                        Hexes                        3
   d - Tukima's Dance                 Hexes                        3
   e - Dazzling Spray                 Conjuration/Hexes            3
Comestibles
 c - a bread ration
 k - a meat ration


   Skills:
 + Level 0.4 Fighting
 + Level 1.0 Short Blades
 + Level 2.2 Dodging
 + Level 4.9 Stealth
 + Level 2.3 Spellcasting
 + Level 3.3 Hexes


You had 3 spell levels left.
You knew the following spells:

 Your Spells              Type           Power        Failure   Level  Hunger
a - Corona                Hex            ####...      1%          1    None
b - Ensorcelled Hibernat  Hex/Ice        ###...       1%          2    ##.....


Dungeon Overview and Level Annotations

Branches:
Dungeon (2/15)

Altars:


Innate Abilities, Weirdness & Mutations

You cannot wear most types of armour.
You are amphibious.
You can wear up to eight rings at the same time.
((You can use your tentacles to constrict eight enemies at once.))
((Your skin changes colour to match your surroundings (Stealth).))
((Your rubbery body absorbs attacks (AC +1).))


Message History

You feel sick.
You are very lightly contaminated with residual magic.
Drink which item? (? for menu, Esc to quit)
It was a potion of brilliance.
You feel clever all of a sudden.
There is a lethal amount of poison in your body!
Drink which item? (? for menu, Esc to quit)
Okay, then.
* * * LOW HITPOINT WARNING * * *
You feel sick.
* * * LOW HITPOINT WARNING * * *
You feel sick.
* * * LOW HITPOINT WARNING * * *
You feel sick.
Your transformation is almost over.
* * * LOW HITPOINT WARNING * * *
You feel sick.
* * * LOW HITPOINT WARNING * * *
You feel sick.
You die...

.....# .. # #...#
...##. #.# #..†# S#...
#.####.#.# ...
#........#####.#
#..###.#.......# #..#
#.######.## #..# #.#
#.#### ###..#
#.######.♣.%#
.....###...........#
####....##########.....
# ####.# .#### # #.# #
# ##<####### #
##......... #
##.#..##### # ##.###.##


There were no monsters in sight!

Vanquished Creatures
  An adder (D:2)
  3 bats (D:1)
  2 giant cockroaches (D:1)
  4 goblins (D:1)
  5 hobgoblins
  4 kobolds (D:1)
  A ball python (D:1)
  3 giant newts
  7 rats
30 creatures vanquished.

Notes
Turn   | Place    | Note
--------------------------------------------------------------
     0 | D:1      | Raultor the Octopode Enchanter began the quest for the Orb.
     0 | D:1      | Reached XP level 1. HP: 11/11 MP: 3/3
   136 | D:1      | Reached XP level 2. HP: 13/17 MP: 5/5
   568 | D:1      | Learned a level 2 spell: Ensorcelled Hibernation
   695 | D:1      | Reached XP level 3. HP: 21/21 MP: 6/6
  1336 | D:2      | HP: 1/33 [poisoned by an adder]
  1340 | D:2      | Succumbed to an adder's poison

Action                   || total
-------------------------++-------
Melee: Dagger            ||    55
 Cast: Corona            ||     1
  Use: Potion            ||     4
 Stab: Sleeping          ||    14
  Eat: Chunk             ||     1
